 Seeded DCSS version 0.28.0-45-g0d030f2227 (webtiles) character file.

Game seed: 16352 (custom seed)

63 xaos the Covered (level 4, 0/35 HPs)
             Began as a Human Fighter on Apr 21, 2022.
             Was a Follower of Qazlal.
             Slain by a hobgoblin (6 damage)
             ... led by Robin
             ... on level 2 of the Dungeon on Apr 22, 2022.
             The game lasted 00:08:03 (1736 turns).

xaos the Covered (Human Fighter)                    Turns: 1736, Time: 00:08:04

Health: 0/35       AC:  0    Str: 16    XL:     4   Next: 31%
Magic:  4/4        EV: 13    Int:  9    God:    Qazlal [*.....]
Gold:   46         SH:  2    Dex: 14    Spells: 3/3 levels left

rFire   . . .      SeeInvis .   (weapon currently unavailable)
rCold   . . .      Faith    .   (shield currently unavailable)
rNeg    . . .      Spirit   .   (armour currently unavailable)
rPois   .          Reflect  .   (helmet currently unavailable)
rElec   .          Harm     .   (cloak currently unavailable)
rCorr   .          Rampage  .   (gloves currently unavailable)
Will    .....                   (boots currently unavailable)
Stlth   +.........              (no amulet)
HPRegen 0.11/turn               (ring currently unavailable)
MPRegen 0.09/turn               (ring currently unavailable)

@: pig-form, very quick
A: fast, no casting, small
a: Renounce Religion


You were on level 2 of the Dungeon.
You worshipped Qazlal.
Qazlal was aware of your devotion.
You were a filthy swine.
You visited 1 branch of the dungeon, and saw 2 of its levels.

You collected 46 gold pieces.

Inventory:

Hand Weapons
 a - a +0 long sword
 g - a +2 halberd of venom (melded)
 n - a +0 hunting sling
Missiles
 f - 34 stones (quivered)
 j - 17 sling bullets
Armour
 b - a +0 scale mail (melded)
 c - a +0 buckler
 e - a +0 cloak (melded)
 k - a +0 kite shield
 m - a +0 ring mail of cold resistance
Scrolls
 h - a scroll of noise {unknown}
 i - a scroll of identify {unknown}
 l - a scroll of amnesia {unknown}
Potions
 d - a potion of might


   Skills:
 + Level 3.4 Fighting
 + Level 2.1 Long Blades
 + Level 1.8 Polearms
 + Level 3.5 Armour
 + Level 0.4 Dodging
 + Level 3.1 Shields


You had 3 spell levels left.
You didn't know any spells.
Your spell library was empty.

Dungeon Overview and Level Annotations

Branches:
Dungeon (2/15)

Altars:
Qazlal

Annotations:
D:2 Robin


Message History

Robin shouts!
Robin zaps a wand.
You turn into a filthy swine.
Your +2 halberd of venom melds into your body.
Your +0 cloak melds into your body.
Your +0 scale mail melds into your body.
Your +2 halberd of venom stops dripping with poison.
Items here: ( ))).
No other quiver actions available for cycling.
Okay, then.
A hobgoblin comes into view.
There are monsters nearby!
There are monsters nearby!
There are monsters nearby!
There are monsters nearby!
Items here: ( ))).
The hobgoblin shouts! 2 goblins come into view.
The goblin shouts! x2
Robin roars a battlecry!
The goblins go into a battle-frenzy!
A goblin comes into view. It is wielding a +0 club.
You barely miss Robin. Robin misses you. The hobgoblin hits you.
You hit Robin but do no damage. Robin hits you with a +0 falchion.
Robin barely misses you.
There is a large open door here.
You hit the hobgoblin.
The hobgoblin is heavily wounded.
The hobgoblin barely misses you. The goblin closely misses you.
The goblin completely misses you.
You hit the hobgoblin but do no damage.
The hobgoblin is heavily wounded.
Robin closely misses you. The hobgoblin hits you.
The goblin hits you with a +0 club!
* * * LOW HITPOINT WARNING * * *
You hit Robin.
Robin is lightly wounded.
Robin throws the goblin at you!
* * * LOW HITPOINT WARNING * * *
The hobgoblin hits you.
You die...

#.# #.# #.... #.# #.....
#.###...... ##..#.......
####...#....... #.
#.)).°.#....... #.#
#.##...g....... #.#
#.###.ghgg..... #.####.#
##)#g......
##......####.#.......
#....).......#.......
####....##########......
..........# #.....
.<........# ######....
#.####.#..# #....##...
#.# #.#..# #.###.#


You could see Robin, a hobgoblin (strong) and 3 goblins.

Vanquished Creatures
  3 adders (D:2)
  2 dart slugs (D:1)
  2 endoplasms
  7 goblins
  6 hobgoblins
  A quokka (D:1)
  A ball python (D:1)
  3 bats (D:1)
  A frilled lizard (D:1)
  2 kobolds (D:1)
  3 rats (D:1)
31 creatures vanquished.

Notes
Turn   | Place    | Note
-------+----------+-------------------------------------------
     0 | D:1      | xaos the Human Fighter began the quest for the Orb.
     0 | D:1      | Reached XP level 1. HP: 18/18 MP: 1/1
   221 | D:1      | Reached XP level 2. HP: 22/24 MP: 2/2
   431 | D:1      | Found a faded altar of an unknown god.
   592 | D:1      | Prayed at the altar of an unknown god.
   592 | D:1      | Became a worshipper of Qazlal Stormbringer
   592 | D:1      | Reached * piety under Qazlal
   806 | D:1      | Reached XP level 3. HP: 28/29 MP: 3/3
  1171 | D:1      | Reached skill level 1 in Polearms
  1708 | D:2      | Reached XP level 4. HP: 22/35 MP: 4/4
  1725 | D:2      | Noticed Robin
  1736 | D:2      | Slain by a hobgoblin

Illustrated notes

Levels and vault maps discovered:
D:1:      dpeg_arrival_castle, layout_loops_corners,
          shapermc_ecumenical_altar_notcrosses, corexii_corridor_pit,
          serial_park_tiny_pond
D:2:      kennysheep_big_flooded_room, layout_loops_ring, basic_altar,
          kennysheep_generic_room_12, uniq_robin

Skill      XL: |  1  2  3 |
---------------+----------+-----
Polearms       | 1 |  1.8
Fighting       | |  3.4
Long Blades    | |  2.1
Armour         | |  3.5
Dodging        | |  0.4
Shields        | |  3.1

Action                   |  1- 3 |  4- 6 || total
-------------------------+-------+-------++-------
Melee: Long sword        |     4 |       ||     4
       Halberd           |    57 |    10 ||    67
       Unarmed           |       |     5 ||     5
Throw: Stone             |    12 |       ||    12
Armor: Scale mail        |    35 |     3 ||    38
Dodge: Dodged            |    40 |    12 ||    52
Block: Buckler           |     3 |       ||     3
       Other             |     4 |       ||     4
